 Dungeon Crawl Stone Soup version 0.24-a0-639-gb70a11d811 (webtiles) character file.

Game seed: 8821530691606510225, levelgen mode: deterministic

800489 Kirk the Ruinous (level 27, 191/193 HPs)
             Began as an Octopode Wizard on Sept 1, 2019.
             Was the Champion of Vehumet.
             Quit the game in Pandemonium on Oct 20, 2022.
             The game lasted 07:25:03 (98073 turns).

Kirk the Ruinous (Octopode Wizard)                 Turns: 98073, Time: 07:25:04

Health: 191/193    AC: 11    Str: 13    XL:     27
Magic:  54/61      EV: 23    Int: 48    God:    Vehumet [******]
Gold:   9474       SH: 22    Dex:  8    Spells: 5/77 levels left

rFire    + + .     SeeInvis +   O - +7 Spriggan's Knife {stab, EV+4 Stlth+}
rCold    + + .     Gourm    .   o - +5 shield {rC+}
rNeg     + + .     Faith    .   a - +2 hat {MR+}
rPois    +         Spirit   .   Z - +5 amulet of reflection
rElec    +         Reflect  +   e - ring of resist corrosion
rCorr    +         Harm     .   D - ring "Paog" {MP+9 Str-2 Int+5 SInv}
MR       +++..                  C - ring "Cuxayjir" {Wiz rElec rF++}
Stlth    ++++++....             V - ring "Buket" {Str+6 Int+5}
HPRegen  0.42/turn              H - ring "Ralauv" {rN+ EV+1 Int+3 Dex+2}
MPRegen  0.37/turn              v - ring of Qellaun {rElec rPois rC+ Int+2 Dex-4}
                                T - ring of Robustness {AC+8}
                                B - ring "Luxtoeg" {rN+ Int+2}

@: studying Shields, deflect missiles
A: almost no armour, stealthy swim, amphibious, 8 rings, constrict 8, repulsion
field 1, camouflage 1, mutation resistance 1, gelatinous body 1
}: 6/15 runes: serpentine, barnacled, slimy, silver, abyssal, demonic
a: Renounce Religion


You were in Pandemonium.
You worshipped Vehumet.
Vehumet was exalted by your worship.
You were full.

You visited 11 branches of the dungeon, and saw 56 of its levels.
You visited Pandemonium 1 time, and saw 9 of its levels.
You visited the Abyss 2 times.
You also visited: Trove and Ossuary.

You collected 10617 gold pieces.
You spent 1143 gold pieces at shops.

Inventory:

Hand Weapons
 L - a +10 quick blade of flaming
 O - the +7 Spriggan's Knife (weapon) {stab, EV+4 Stlth+}
   (You found it on level 10 of the Dungeon)

   It affects your evasion (+4).
   It makes you more stealthy.
Armour
 a - a +2 hat of magic resistance (worn)
 o - a +5 shield of cold resistance (worn)
 I - a +1 large shield of protection
 R - a +0 large shield of positive energy
Jewellery
 e - a ring of resist corrosion (left tentacle)
 m - the amulet "Meriro" {RegenMP Str+4}
   (You took it off a deep elf elementalist on level 3 of the Elven Halls)

   [amulet of magic regeneration]

   It increases your magic regeneration.
   It affects your strength (+4).
 s - the ring of Makhleb's Hatred {+Blink rC+++ Dex-4 SInv Stlth-}
   (You found it on level 5 of the Pits of Slime)

   [ring of attention]

   It affects your dexterity (-4).
   It renders you almost immune to cold.
   It lets you see invisible.
   It lets you blink.
   It makes you less stealthy.
 v - the ring of Qellaun (on tentacle) {rElec rPois rC+ Int+2 Dex-4}
   (You acquired it on level 4 of the Vaults)

   [ring of protection from cold]

   It affects your intelligence (+2).
   It affects your dexterity (-4).
   It protects you from cold.
   It insulates you from electricity.
   It protects you from poison.
 B - the ring "Luxtoeg" (on tentacle) {rN+ Int+2}
   (You found it in a treasure trove)

   [ring of positive energy]

   It affects your intelligence (+2).
   It protects you from negative energy.
 C - the ring "Cuxayjir" (on tentacle) {Wiz rElec rF++}
   (You found it in a treasure trove)

   [ring of wizardry]

   It improves your spell success rate.
   It greatly protects you from fire.
   It insulates you from electricity.
 D - the ring "Paog" (right tentacle) {MP+9 Str-2 Int+5 SInv}
   (You found it in a treasure trove)

   [ring of magical power]

   It affects your strength (-2).
   It affects your intelligence (+5).
   It affects your magic capacity (+9).
   It lets you see invisible.
 H - the ring "Ralauv" (on tentacle) {rN+ EV+1 Int+3 Dex+2}
   (You acquired it on level 3 of the Vaults)

   [ring of evasion]

   It affects your evasion (+1).
   It affects your intelligence (+3).
   It affects your dexterity (+2).
   It protects you from negative energy.
 P - the ring of Tutyol {Int+5 Dex+3 SInv}
   (You acquired it on level 1 of the Depths)

   [ring of intelligence]

   It affects your intelligence (+5).
   It affects your dexterity (+3).
   It lets you see invisible.
 S - the ring "Qeowoih" {rF+ Int+3}
   (You acquired it on level 1 of the Depths)

   [ring of intelligence]

   It affects your intelligence (+3).
   It protects you from fire.
 T - the ring of Robustness (on tentacle) {AC+8}
   (You found it on level 5 of the Pits of Slime)

   [ring of protection]

   It affects your AC (+8).
 V - the ring "Buket" (on tentacle) {Str+6 Int+5}
   (You acquired it on level 3 of the Shoals)

   [ring of intelligence]

   It affects your strength (+6).
   It affects your intelligence (+5).
 Z - a +5 amulet of reflection (around mantle)
Wands
 w - a wand of scattershot (9)
 F - a wand of acid (29)
 M - a wand of digging (14)
 W - a wand of iceblast (25)
Scrolls
 h - 4 scrolls of holy word
 k - 3 scrolls of silence
 l - 5 scrolls of blinking
 p - 26 scrolls of remove curse
 q - a scroll of summoning
 r - 4 scrolls of enchant armour
 x - 10 scrolls of fear
 y - 3 scrolls of magic mapping
 z - 16 scrolls of teleportation
 A - 12 scrolls of enchant weapon
 U - 6 scrolls of fog
 X - 6 scrolls of identify
Potions
 b - 11 potions of cancellation
 d - 7 potions of mutation
 g - 4 potions of haste
 i - 5 potions of berserk rage
 j - 15 potions of curing
 n - 18 potions of might
 u - 3 potions of brilliance
 J - a potion of flight
 K - 8 potions of agility
 N - 2 potions of invisibility
 Q - 2 potions of heal wounds
 Y - 4 potions of resistance
Books
 t - a manual of Shields
Miscellaneous
 f - a lamp of fire
 E - 5 phantom mirrors
 G - a phial of floods
Comestibles
 c - 52 rations


   Skills:
 - Level 17.4 Fighting
 - Level 8.0 Short Blades
 - Level 9.0 Dodging
 - Level 10.0 Stealth
 - Level 15.0 Shields
 + Level 25.5 Spellcasting
 + Level 26.2 Conjurations
 - Level 9.0 Charms
 - Level 2.2 Summonings
 - Level 11.7 Necromancy
 - Level 2.0 Translocations
 - Level 15.0 Fire Magic
 + Level 16.6 Ice Magic
 - Level 1.6 Air Magic
 - Level 12.4 Earth Magic
   Level 10.0 Poison Magic


You had 5 spell levels left.
You knew the following spells:

 Your Spells              Type           Power        Failure   Level  Hunger
a - Borgnjor's Vile Clut  Necr/Erth      ########..   1%          5    None
b - Blink                 Tloc           N/A          1%          2    None
c - Ignition              Fire           ########..   1%          8    None
d - Ozocubu's Armour      Chrm/Ice       ########     0%          3    None
e - Chain Lightning       Conj/Air       ########..   1%          8    None
f - Glaciate              Conj/Ice       ########..   1%          9    None
g - Deflect Missiles      Chrm/Air       #######...   1%          6    None
h - Regeneration          Chrm/Necr      ########..   0%          3    None
i - Sublimation of Blood  Necr           ########..   0%          2    None
j - Orb of Destruction    Conj           ########..   0%          7    None
k - Bolt of Fire          Conj/Fire      ########..   0%          6    None
l - Iron Shot             Conj/Erth      ########..   0%          6    None
m - Spellforged Servitor  Conj/Summ      ########..   1%          7    None

Your spell library contained the following spells:

 Spells                   Type           Power        Failure   Level  Hunger
 Lehudib's Crystal Spear  Conj/Erth      ########..   1%          8    None
 Animate Skeleton         Necr           N/A          0%          1    None
 Flame Tongue             Conj/Fire      #####        0%          1    None
 Freeze                   Ice            ####         0%          1    None
 Infusion                 Chrm           ####         0%          1    None
 Magic Dart               Conj           ####         0%          1    None
 Pain                     Necr           ####         0%          1    None
 Sandblast                Erth           ######       0%          1    None
 Shock                    Conj/Air       ####         0%          1    None
 Sting                    Conj/Pois      ####         0%          1    None
 Corpse Rot               Necr           N/A          0%          2    None
 Ensorcelled Hibernation  Hex/Ice        ######       0%          2    None
 Throw Flame              Conj/Fire      ######       0%          2    None
 Throw Frost              Conj/Ice       ######       0%          2    None
 Conjure Flame            Conj/Fire      ########     0%          3    None
 Dazzling Spray           Conj/Hex       ######       0%          3    None
 Ignite Poison            Fire/Tmut/Pois #######.     0%          3    None
 Mephitic Cloud           Conj/Pois/Air  ########     0%          3    None
 Static Discharge         Conj/Air       ########     0%          3    None
 Stone Arrow              Conj/Erth      ######       0%          3    None
 Vampiric Draining        Necr           ########..   0%          3    None
 Animate Dead             Necr           N/A          0%          4    None
 Force Lance              Conj/Tloc      ########     0%          4    None
 Fulminant Prism          Conj/Hex       ########..   0%          4    None
 Sticky Flame             Conj/Fire      ########     0%          4    None
 Throw Icicle             Conj/Ice       ########     0%          4    None
 Bolt of Draining         Conj/Necr      ########..   0%          5    None
 Bolt of Magma            Conj/Fire/Erth ########..   0%          5    None
 Fireball                 Conj/Fire      ########..   0%          5    None
 Iskenderun's Battlesphe  Conj/Chrm      ########     0%          5    None
 Lightning Bolt           Conj/Air       ########..   0%          5    None
 Venom Bolt               Conj/Pois      ########..   0%          5    None
 Apportation              Tloc           ######       1%          1    None
 Beastly Appendage        Tmut           ######       1%          1    None
 Confusing Touch          Hex            ######       1%          1    None
 Corona                   Hex            ######.      1%          1    None
 Summon Butterflies       Summ           ######..     1%          1    None
 Summon Small Mammal      Summ           ####         1%          1    None
 Call Imp                 Summ           ######..     1%          2    None
 Passwall                 Tmut/Erth      #######.     1%          2    None
 Poisonous Vapours        Pois/Air       ######       1%          2    None
 Shroud of Golubria       Chrm/Tloc      ######       1%          2    None
 Slow                     Hex            ######..     1%          2    None
 Sticks to Snakes         Tmut           ######..     1%          2    None
 Swiftness                Chrm/Air       #######.     1%          2    None
 Call Canine Familiar     Summ           ######..     1%          3    None
 Confuse                  Hex            ######..     1%          3    None
 Gell's Gravitas          Tloc           ######....   1%          3    None
 Inner Flame              Hex/Fire       #######.     1%          3    None
 Lesser Beckoning         Tloc           ######....   1%          3    None
 Portal Projectile        Hex/Tloc       ######       1%          3    None
 Spider Form              Tmut/Pois      #######...   1%          3    None
 Summon Guardian Golem    Hex/Summ       ######..     1%          3    None
 Teleport Other           Tloc           ######..     1%          3    None
 Tukima's Dance           Hex            ######..     1%          3    None
 Airstrike                Air            ######....   1%          4    None
 Cause Fear               Hex            ######....   1%          4    None
 Ice Form                 Ice/Tmut       #######.     1%          4    None
 Leda's Liquefaction      Hex/Erth       #######...   1%          4    None
 Olgreb's Toxic Radiance  Pois           ########     1%          4    None
 Passage of Golubria      Tloc           N/A          1%          4    None
 Petrify                  Tmut/Erth      #######.     1%          4    None
 Summon Ice Beast         Ice/Summ       ########     1%          4    None
 Summon Lightning Spire   Summ/Air       ######..     1%          4    None
 Agony                    Necr           ########     1%          5    None
 Alistair's Intoxication  Tmut/Pois      #######.     1%          5    None
 Excruciating Wounds      Chrm/Necr      ########..   1%          5    None
 Irradiate                Conj/Tmut      ########..   1%          5    None
 Lee's Rapid Deconstruct  Erth           ########..   1%          5    None
 Metabolic Englaciation   Hex/Ice        #######...   1%          5    None
 Silence                  Hex/Air        ######....   1%          5    None
 Summon Forest            Summ/Tloc      ######....   1%          5    None
 Summon Mana Viper        Hex/Summ       ######..     1%          5    None
 Yara's Violent Unravell  Hex/Tmut       ######....   1%          5    None
 Blade Hands              Tmut           ######....   2%          5    None
 Conjure Ball Lightning   Conj/Air       ########..   1%          6    None
 Death Channel            Necr           ########..   1%          6    None
 Freezing Cloud           Conj/Ice/Air   ########..   1%          6    None
 Ozocubu's Refrigeration  Ice            ########..   1%          6    None
 Simulacrum               Ice/Necr       ########..   1%          6    None
 Statue Form              Tmut/Erth      #######..    1%          6    None
 Ring of Flames           Chrm/Fire      ########..   1%          7    None
 Haunt                    Necr/Summ      #######...   4%          7    None
 Borgnjor's Revivificati  Necr           ########..   4%          8    None
 Infestation              Necr           ########..   4%          8    None
 Shadow Creatures         Summ           N/A          5%          6    None
 Dispersal                Tloc           ######....   6%          6    None
 Death's Door             Chrm/Necr      ########..   8%          8    None
 Darkness                 Hex            ######....   13%         6    None
 Hydra Form               Tmut           ######....   13%         6    None
 Invisibility             Hex            ######..     13%         6    None
 Shatter                  Erth           ########..   13%         9    None
 Summon Hydra             Summ           ######....   26%         7    None
 Necromutation            Tmut/Necr      #######...   43%         8    None
 Controlled Blink         Tloc           N/A          91%         8    None
 Disjunction              Tloc           ######....   91%         8    None
 Discord                  Hex            ######....   99%         8    None
 Tornado                  Air            ######....   99%         9    None


Dungeon Overview and Level Annotations

Branches:
Dungeon (15/15)            Temple (0/1) D:4            Lair (6/6) D:9
 Shoals (4/4) Lair:3        Snake (4/4) Lair:2        Slime (5/5) Lair:5
    Orc (2/2) D:11            Elf (3/3) Orc:2        Vaults (5/5) D:14
  Crypt (3/3) Vaults:2       Tomb (0/3) Crypt:3      Depths (5/5) D:15
    Zot (4/5) Depths:5    Ossuary (visited)

Altars:
Ashenzari
Cheibriados
Dithmenos
Fedhas
Kikubaaqudgha
Makhleb
Nemelex Xobeh
Okawaru
Sif Muna
Vehumet
Xom
Yredelemnul
Zin
Beogh
Jiyva

Shops:
D:15 %   Orc:2 :?[=   Elf:2 [   Vaults:2 ?   Vaults:3 %

Portals:
Hell: Depths:1 Depths:2 Depths:3 Depths:4 Depths:5
Abyss: Depths:1 Depths:3 Depths:4
Pandemonium: Depths:3
Ziggurat: Depths:3

Annotations:
D:3 1 runed translucent door, Melior's ghost, amateur DDNe
D:10 Fannar
D:11 1 runed translucent door, kiredor's ghost, journeyman GrEE
Lair:1 Harold
Lair:6 2 runed translucent doors
Shoals:2 Ilsuiw
Shoals:4 exclusion: oklob plant
Snake:3 Agnes
Elf:2 3 runed translucent doors
Crypt:1 1 runed translucent door, Addacahu's ghost, veteran GrEE; Mennas
Zot:2 2 transporters, exclusion: orange crystal statue


Innate Abilities, Weirdness & Mutations

You cannot wear most types of armour.
You are very stealthy in the water. (Stealth+)
You are amphibious.
You can wear up to eight rings at the same time.
You can use your tentacles to constrict eight enemies at once.
Your skin changes colour to match your surroundings (Stealth+).
Your rubbery body absorbs attacks. (AC +1, EV +1)
You are surrounded by a mild repulsion field. (EV +2)
You are somewhat resistant to further mutation.


Message History

The monstrous demonspawn is engulfed in freezing vapours.
Unknown command.
Unknown command.
The monstrous demonspawn is engulfed in freezing vapours.
The monstrous demonspawn is engulfed in freezing vapours.
A reaper comes into view.
It is wielding a +0 scythe of protection.
The monstrous demonspawn is engulfed in freezing vapours.
You kill the monstrous demonspawn!
Vehumet accepts your kill.
You feel your power returning.
Saving game... please wait.
Welcome back, Kirk the Octopode Wizard.
Vehumet says: Let it end in hellfire!
Press ? for a list of commands and other information.
Unknown command.
Saving game... please wait.
Welcome back, Kirk the Octopode Wizard.
Vehumet says: Let it end in hellfire!
Press ? for a list of commands and other information.
Are you sure you want to abandon this character and quit the game? (Confirm with "yes".)

###################
#..................
#.###...#..........
#.......#..@...##.
#.......#..☼§☼☼○2..
#.........8§§§§☼°..
#.........§°☼§§.°..
#....###..○§§§☼☼...
#.........§§.§§°...
#.........○○§§○§°..
#.........☼..○.○...
#.................


You could see a reaper.

Vanquished Creatures
  the Royal Jelly (Slime:5)
  An orb of fire (Zot:1)
  4 juggernauts
  A Killer Klown (Zot:1)
  7 pandemonium lords (Pan)
  A caustic shrike (Depths:4)
  Xtahua (Crypt:3)
  3 golden dragons
  the Enchantress (Depths:2)
  5 bone dragons
  Nikola (Shoals:3)
  A profane servitor (Crypt:2)
  4 Brimstone Fiends (Pan)
  An electric golem (Zot:1)
  5 Tzitzimimeh (Pan)
  4 Ice Fiends (Pan)
  7 Hell Sentinels (Pan)
  3 liches
  12 tentacled monstrosities
  Asterion (Depths:2)
  4 quicksilver dragons
  4 titans (Vaults:5)
  14 acid blobs
  2 deep elf blademasters (Elf:3)
  2 krakens
  2 deep elf master archers (Elf:3)
  Polyphemus (Shoals:2)
  5 tentacled starspawn
  8 sphinxes
  16 Executioners
  4 ancient champions
  7 shadow dragons
  13 draconian monks
  6 death cobs
  14 storm dragons
  Donald (Shoals:3)
  5 tengu reavers
  Kirke (Shoals:3)
  11 nagarajas
  Roxanne (D:15)
  6 revenants
  11 azure jellies
  8 frost giants
  3 iron dragons (Vaults:5)
  6 draconian knights
  11 deep elf sorcerers
  4 draconian scorchers
  8 fire giants
  A frost giant (shapeshifter) (Depths:2)
  8 warmongers (Pan)
  14 balrugs (Pan)
  5 ghost moths
  10 cacodemons
  Aizul (Snake:1)
  5 draconian shifters
  3 spriggan defenders
  A juggernaut zombie (Crypt:3)
  15 vault wardens
  An orc warlord (Vaults:4)
  An angel (Pan)
  An emperor scorpion (shapeshifter) (Vaults:5)
  A war gargoyle (Vaults:5)
  3 black suns (Pan)
  3 deep elf elementalists
  3 ghouls
  4 draconian stormcallers
  17 reapers (Pan)
  A caustic shrike zombie (Depths:4)
  3 draconian annihilators
  8 very ugly things
  12 blood saints (Pan)
  17 black draconians
  2 entropy weavers (Vaults:4)
  19 stone giants
  16 ironheart preservers
  11 corrupters (Pan)
  10 deep elf demonologists
  11 green draconians
  5 vampire knights
  9 yellow draconians
  5 lorocyprocas (Pan)
  Azrael (D:15)
  A spark wasp (Depths:3)
  10 white draconians
  10 deep elf annihilators
  10 purple draconians
  6 red draconians
  9 deep elf death magi
  A crystal guardian (Vaults:5)
  17 blizzard demons (Pan)
  Snorg (D:10)
  14 ettins
  7 death oozes (Slime:5)
  4 spectral quicksilver dragons (Crypt:3)
  9 green deaths (Pan)
  6 jiangshi
  A spectral golden dragon (Crypt:3)
  10 yaktaur captains
  8 eidola
  5 merfolk impalers
  3 merfolk javelineers
  18 ogre magi
  12 great orbs of eyes
  10 deep elf high priests
  16 fire dragons
  10 rakshasas
  15 naga warriors
  11 monstrous demonspawn (Pan)
  29 vault guards
  5 hydras
  9 spriggan air magi
  5 ice dragons
  3 hell beasts
  4 merfolk aquamancers
  A spectral frost giant (Crypt:3)
  A spectral shadow dragon (Crypt:3)
  7 merfolk avatars
  4 death knights
  A catoblepas (Shoals:2)
  6 anacondas
  2 satyrs (Shoals:4)
  10 centaur warriors
  47 two-headed ogres
  10 deep troll shamans
  20 dancing weapons
  6 tengu warriors
  A spectral stone giant (Crypt:3)
  Urug (D:12)
  5 deep troll earth magi
  A titan zombie (Crypt:2)
  A spectral storm dragon (Crypt:3)
  3 spriggan berserkers
  3 death yaks (Shoals:2)
  4 vampire magi
  A spectral dire elephant (Crypt:3)
  4 thrashing horrors
  10 naga sharpshooters
  41 sun demons
  Sonja (D:12)
  2 hell knights (Vaults:5)
  9 shock serpents
  2 fire crabs (Shoals:3)
  8 soul eaters (Pan)
  18 deep elf knights
  3 wretched stars
  13 skeletal warriors
  7 shadow wraiths
  10 sixfirhies (Pan)
  3 iron trolls
  A cherub (Pan)
  8 infernal demonspawn (Pan)
  A spatial maelstrom (Abyss:3)
  A death drake (shapeshifter) (Vaults:4)
  6 sea snakes
  6 unseen horrors
  3 starcursed masses (Abyss:2)
  6 gelid demonspawn (Pan)
  23 deep trolls
  A golden dragon zombie (Crypt:2)
  6 torturous demonspawn (Pan)
  A spectral hydra (Crypt:3)
  20 deep elf archers
  An anaconda zombie (Crypt:1)
  14 flayed ghosts
  A spectral iron dragon (Crypt:3)
  9 shadow demons (Pan)
  A wizard (Depths:4)
  Pikel (D:4)
  2 iron giant skeletons
  7 naga ritualists
  3 spectral anacondas (Crypt:3)
  6 glowing orange brains
  A wolf spider zombie (D:15)
  14 phantasmal warriors
  11 harpies
  13 ironbrand convokers
  4 oklob plants (Lair:5)
  2 golden dragon skeletons
  A lindwurm (Lair:6)
  9 orc knights
  An orb spider (shapeshifter) (Vaults:5)
  9 mana vipers
  11 necromancers
  2 frost giant zombies
  3 orc sorcerers
  11 fauns
  A human zombie (Vaults:1)
  2 salamanders (shapeshifter)
  5 wolf spiders
  56 deep elf magi
  A sphinx skeleton (Vaults:1)
  6 cyclopes
  An iron dragon skeleton (Crypt:1)
  5 salamanders
  22 moths of wrath
  2 fire giant zombies
  A spectral fire dragon (Crypt:3)
  12 manticores
  47 ugly things
  Maurice (D:8)
  11 shining eyes
  A worldbinder (Abyss:1)
  11 elephants
  5 water nymphs
  5 rust devils (Pan)
  24 black mambas
  A frost giant skeleton (Vaults:4)
  8 guardian serpents
  16 orange demons
  14 merfolk sirens
  A torpor snail (shapeshifter) (Vaults:4)
  11 vault sentinels
  2 molten gargoyles (Lair:6)
  A torpor snail (Lair:5)
  An apocalypse crab (Abyss:3)
  3 fire giant skeletons (Crypt:1)
  28 naga magi
  4 eyes of devastation
  A titan simulacrum (Crypt:1)
  26 smoke demons
  6 centaur skeletons
  8 hellions (Pan)
  A minotaur zombie (Crypt:2)
  13 spiny frogs
  3 kobold demonologists (D:15)
  9 komodo dragons
  50 yaktaurs
  A komodo dragon (shapeshifter) (Vaults:4)
  2 rime drakes
  17 demonic crawlers (Pan)
  28 freezing wraiths
  An efreet (Abyss:3)
  16 tormentors (Pan)
  A catoblepas zombie (Crypt:2)
  4 ancient zymes
  2 ice devils
  3 tengu conjurers
  A purple draconian skeleton (Crypt:1)
  17 red devils (Pan)
  9 hellwings (Pan)
  12 hornets
  10 trolls
  A jumping spider (Vaults:4)
  29 merfolk
  5 polar bears
  11 dream sheep
  25 slime creatures
  2 bog bodies (Crypt:1)
  2 meliai (shapeshifter)
  A wind drake (Shoals:4)
  11 snapping turtles
  A hydra skeleton (Crypt:1)
  3 raiju (Abyss:2)
  11 hippogriffs
  A death drake skeleton (Crypt:2)
  11 blink frogs
  2 ettin zombies
  A snapping turtle (shapeshifter) (Vaults:1)
  2 stone giant simulacra (Crypt:3)
  A spectral black mamba (Crypt:3)
  22 small abominations
  65 large abominations
  3 shadows
  2 black mamba zombies
  5 redbacks (Vaults:4)
  6 spriggans
  An air elemental (Elf:1)
  4 flying skulls
  5 wraiths
  23 ynoxinuls
  An ettin skeleton (Vaults:3)
  7 wyverns
  3 yaks (shapeshifter)
  37 yaks
  Eustachio (D:5)
  Sigmund (D:4)
  3 vampires
  27 water elementals
  6 fire bats
  A tyrant leech zombie (Crypt:1)
  Grum (Lair:1)
  A human (shapeshifter) (Depths:4)
  A basilisk (shapeshifter) (D:15)
  7 basilisks
  6 fire elementals
  2 hungry ghosts
  10 neqoxecs
  17 chaos spawn (Pan)
  4 steam dragons
  4 golden eyes (Abyss:3)
  5 vampire mosquitoes
  5 wargs
  30 nagas
  A monstrous demonspawn zombie (Crypt:1)
  Edmund (D:5)
  4 acid dragons
  6 hell hounds
  2 soldier ants (shapeshifter)
  A deep troll skeleton (Crypt:3)
  12 water moccasins
  Duvessa (D:4)
  5 floating eyes
  A porcupine (shapeshifter) (Depths:3)
  5 porcupines
  A water moccasin (shapeshifter) (Depths:3)
  A hornet zombie (Crypt:2)
  A spiny frog skeleton (Crypt:2)
  47 orc warriors
  6 sky beasts
  5 ice beasts
  An eye of draining (shapeshifter) (Vaults:1)
  2 necrophages
  A black bear (Lair:1)
  8 eyes of draining
  55 ogres
  4 phantoms
  An elf skeleton (Vaults:3)
  4 wolves (Lair:1)
  A centaur (shapeshifter) (Vaults:1)
  28 centaurs
  7 crocodiles
  2 elf simulacra
  4 big kobolds
  An elf zombie (Crypt:2)
  11 bullfrogs
  3 gnoll sergeants (D:11)
  An earth elemental (Elf:3)
  A human skeleton (Vaults:1)
  2 yaktaur skeletons (Vaults:1)
  A water moccasin zombie (D:4)
  A tengu simulacrum (Depths:1)
  Dowan (D:4)
  A glowing shapeshifter simulacrum (Vaults:3)
  3 scorpions
  A wyvern skeleton (D:10)
  An orc simulacrum (Vaults:2)
  A shapeshifter zombie (Crypt:2)
  8 killer bees
  A howler monkey (D:13)
  13 wights
  3 electric eels (Snake:4)
  5 lava snakes (Lair:6)
  2 bullfrog zombies
  9 crimson imps
  4 centaur zombies
  6 hounds
  2 quasits
  5 bullfrog skeletons
  An iron imp (Abyss:1)
  12 orc priests
  8 jellies
  Jessica (D:3)
  24 orc wizards
  An iguana (D:8)
  10 worker ants
  An acid dragon zombie (Crypt:3)
  2 big kobold zombies (Ossuary)
  2 mummies (Ossuary)
  3 hound skeletons
  3 worker ant zombies
  7 gnolls
  12 adders
  A river rat (shapeshifter) (Vaults:5)
  4 shadow imps
  A swamp drake skeleton (Crypt:1)
  3 white imps
  2 ufetubi (Abyss:2)
  5 oozes
  2 adder zombies
  A lava snake zombie (Crypt:3)
  9 worms
  6 dart slugs
  4 leopard geckos
  93 orcs
  8 giant cockroaches
  4 gnoll zombies (Ossuary)
  9 goblins
  8 hobgoblins
  11 jackals
  13 kobolds
  7 quokkas
  2 ball pythons
  A ball python zombie (Crypt:1)
  5 bats
  4 frilled lizards
  4 goblin zombies
  3 hobgoblin zombies (Ossuary)
  A jackal zombie (D:6)
  A kobold simulacrum (Crypt:3)
  A leopard gecko skeleton (Crypt:3)
  2 orc zombies (Ossuary)
  A quokka zombie (Crypt:3)
  4 rats
  A rat zombie (D:6)
  6 blocks of ice
  A crawling corpse (Elf:1)
  A fungus (Lair:4)
  A macabre mass (Abyss:3)
  A plant (Shoals:1)
  2 starspawn tentacles (Abyss:3)
  A tentacle (Shoals:4)
2846 creatures vanquished.

Vanquished Creatures (collateral kills)
  4 golden dragons
  A lich (Crypt:2)
  2 tentacled monstrosities
  A titan (Depths:3)
  A sphinx (Depths:3)
  A death cob (Zot:2)
  An ancient champion (Crypt:3)
  A tentacled starspawn (Abyss:2)
  A shadow dragon (Vaults:5)
  A draconian monk (Depths:5)
  2 nagarajas (Snake:4)
  A revenant (Crypt:3)
  A fire giant (Depths:3)
  A ghost moth (Zot:2)
  A black sun (Pan)
  An iron dragon (Vaults:5)
  2 frost giants (Depths:3)
  A draconian scorcher (Zot:1)
  A vault warden (Vaults:5)
  A ghoul (Crypt:3)
  A draconian shifter (Zot:1)
  A spriggan defender (Depths:2)
  A draconian annihilator (Zot:1)
  6 very ugly things
  A white draconian (Zot:2)
  A purple draconian (Zot:3)
  3 eidola (Crypt:3)
  A fire dragon (Depths:3)
  2 great orbs of eyes
  A vault guard (Vaults:5)
  2 rakshasas
  2 naga warriors (Snake:4)
  An ice dragon (Depths:3)
  A spriggan air mage (Depths:2)
  A centaur warrior (Depths:2)
  A two-headed ogre (Depths:1)
  2 deep troll shamans (Depths:3)
  A deep troll earth mage (Depths:4)
  3 naga sharpshooters
  2 spectral storm dragons (Crypt:3)
  A tengu warrior (Depths:1)
  A shock serpent (Snake:4)
  2 spriggans
  A sun demon (Pan)
  A salamander mystic (Snake:4)
  A quicksilver dragon simulacrum (Crypt:3)
  2 flayed ghosts
  A naga ritualist (Snake:4)
  5 skeletal warriors (Depths:1)
  3 deep trolls
  A phantasmal warrior (Crypt:3)
  A necromancer (Crypt:2)
  6 ugly things
  A stone giant zombie (Crypt:3)
  2 salamanders (Snake:4)
  2 black mambas (Snake:4)
  An elf zombie (Depths:4)
  A frost giant skeleton (Depths:4)
  2 naga magi (Snake:4)
  An alligator snapping turtle skeleton (Crypt:3)
  A minotaur zombie (Crypt:2)
  A freezing wraith (Crypt:3)
  A sea snake skeleton (Crypt:3)
  3 hornets
  5 nagas
  A hornet zombie (Crypt:2)
  An ogre (Depths:1)
109 creatures vanquished.

Vanquished Creatures (others)
  3 stone giants (Depths:2)
  A yellow draconian (Zot:3)
  3 yaktaur captains
  2 centaur warriors
  A merfolk aquamancer (Shoals:4)
  A naga sharpshooter (Snake:3)
  A cyclops (D:11)
  4 yaktaurs
  A human (Shoals:3)
  Menkaure (D:4)
  4 slaves (D:4)
  A centaur (Orc:2)
  2 hounds (D:4)
  An adder (D:4)
  A worm (D:4)
  A leopard gecko (D:4)
  2 orcs
  190 blocks of ice
  3 demonic plants (Pan)
  53 fungi
  89 plants
  5 starspawn tentacles
  24 tentacles
394 creatures vanquished.

Grand Total: 3349 creatures vanquished

Notes
Turn   | Place    | Note
-------+----------+-------------------------------------------
     0 | D:1      | Kirk the Octopode Wizard began the quest for the Orb.
     0 | D:1      | Reached XP level 1. HP: 11/11 MP: 4/4
   356 | D:1      | Reached XP level 2. HP: 17/17 MP: 0/6
   901 | D:2      | Reached XP level 3. HP: 21/21 MP: 2/8
   967 | D:2      | Noticed a scorpion
  1072 | D:1      | Learned a level 2 spell: Blink
  1076 | D:1      | Learned a level 3 spell: Conjure Flame
  1080 | D:1      | Learned a level 3 spell: Mephitic Cloud
  1324 | D:2      | Reached skill level 2 in Conjurations
  1546 | D:2      | Reached XP level 4. HP: 22/27 MP: 5/10
  2036 | D:2      | Gained mutation: You are dopey. (Int -2) [potion of
                  | mutation]
  2036 | D:2      | Gained mutation: Your system is resistant to poisons.
                  | (rPois) [potion of mutation]
  2036 | D:2      | Gained mutation: You are resistant to hostile enchantments.
                  | (MR+) [potion of mutation]
  2205 | D:2      | Reached skill level 3 in Conjurations
  2205 | D:2      | Reached XP level 5. HP: 30/31 MP: 7/11
  2825 | D:3      | Found a runed translucent door.
  2834 | D:3      | Noticed Melior's ghost (amateur DDNe)
  2843 | D:3      | Found a radiant altar of Vehumet.
  2858 | D:3      | Became a worshipper of Vehumet
  2909 | D:3      | Noticed Jessica
  3128 | D:3      | Killed Jessica
  3128 | D:3      | Reached skill level 4 in Conjurations
  3128 | D:3      | Reached XP level 6. HP: 31/36 MP: 6/13
  3349 | D:3      | Reached skill level 5 in Spellcasting
  3569 | D:3      | Reached * piety under Vehumet
  3569 | D:3      | Offered knowledge of Flame Tongue by Vehumet.
  3866 | D:4      | Noticed Pikel
  3866 | D:4      | Noticed a slave
  3888 | D:4      | Killed Pikel
  3888 | D:4      | Reached skill level 5 in Conjurations
  3888 | D:4      | Reached XP level 7. HP: 41/41 MP: 0/15
  3897 | D:4      | Killed Menkaure
  3948 | D:4      | Killed a freed slave
  3965 | D:4      | Noticed Duvessa
  3973 | D:4      | Noticed Dowan
  4107 | D:4      | Killed Duvessa
  4111 | D:4      | Killed Dowan
  4111 | D:4      | Reached skill level 6 in Conjurations
  4111 | D:4      | Reached XP level 8. HP: 29/46 MP: 2/16
  4498 | D:4      | Found a glowing silver altar of Zin.
  4499 | D:4      | Found a shimmering altar of Xom.
  4499 | D:4      | Noticed an angel
  4554 | D:4      | Found a staircase to the Ecumenical Temple.
  4556 | D:4      | Got a pitted spear
  4557 | D:4      | Identified the +3 spear of the Philosopher {drain, MR+
                  | Dex+4} (You found it on level 4 of the Dungeon)
  4564 | D:4      | Noticed Sigmund
  4715 | D:4      | Killed Sigmund
  4715 | D:4      | Reached skill level 7 in Conjurations
  5228 | D:5      | Entered Level 5 of the Dungeon
  5282 | D:5      | Found a sparkling altar of Nemelex Xobeh.
  5287 | D:5      | Noticed Eustachio
  5921 | D:5      | Killed Eustachio
  5921 | D:5      | Reached XP level 9. HP: 43/51 MP: 16/19
  6031 | D:5      | Noticed Edmund
  6048 | D:5      | Killed Edmund
  6048 | D:5      | Reached skill level 8 in Conjurations
  6387 | D:6      | Identified a scroll of acquirement
  6388 | D:6      | Got a coiled copper ring
  6389 | D:6      | Identified the ring "Quewk" {rC- MR+ Str+4 Dex+2 Stlth+}
                  | (You acquired it on level 6 of the Dungeon)
  6527 | D:6      | Reached skill level 5 in Stealth
  6530 | D:6      | Found a sand-covered staircase.
  6539 | Ossuary  | Entered an ossuary
  6569 | Ossuary  | Reached ** piety under Vehumet
  6569 | Ossuary  | Offered knowledge of Shock by Vehumet.
  6967 | D:6      | Offered knowledge of Ignite Poison by Vehumet.
  6980 | D:6      | Learned a level 3 spell: Ignite Poison
  7153 | D:6      | Found a blossoming altar of Fedhas.
  7411 | D:7      | Reached *** piety under Vehumet
  7430 | D:7      | Noticed an unseen horror
  7530 | D:7      | Reached skill level 1 in Fire Magic
  7642 | D:7      | Reached skill level 1 in Poison Magic
  7988 | D:7      | Killed an unseen horror
  7988 | D:7      | Reached XP level 10. HP: 56/56 MP: 12/21
  8272 | D:8      | Found an iron altar of Okawaru.
  8300 | D:8      | Offered knowledge of Dazzling Spray by Vehumet.
  8537 | D:8      | Reached skill level 9 in Conjurations
  8834 | D:8      | Noticed Maurice
  8950 | D:8      | Reached **** piety under Vehumet
  9084 | D:8      | Found a burning altar of Makhleb.
  9084 | D:8      | Found a shimmering blue altar of Sif Muna.
  9084 | D:8      | Found a snail-covered altar of Cheibriados.
  9120 | D:8      | Found a shadowy altar of Dithmenos.
  9159 | D:8      | Offered knowledge of Olgreb's Toxic Radiance by Vehumet.
  9195 | D:8      | Killed Maurice
  9374 | D:8      | Found a basalt altar of Yredelemnul.
  9442 | D:9      | Learned a level 4 spell: Olgreb's Toxic Radiance
  9532 | D:9      | Found a staircase to the Lair.
  9695 | D:9      | Reached skill level 5 in Short Blades
 10160 | D:10     | Entered Level 10 of the Dungeon
 10235 | D:10     | Noticed a two-headed ogre
 10254 | D:10     | Killed a two-headed ogre
 10254 | D:10     | Reached skill level 1 in Fighting
 10475 | D:10     | Reached XP level 11. HP: 59/63 MP: 23/23
 10494 | D:10     | Noticed Snorg
 10587 | D:10     | Reached skill level 10 in Conjurations
 11147 | D:10     | Killed Snorg
 11373 | Lair:1   | Entered Level 1 of the Lair of Beasts
 11432 | Lair:1   | Reached skill level 5 in Poison Magic
 11485 | Lair:1   | Noticed Grum
 11524 | Lair:1   | Killed Grum
 11731 | Lair:1   | Noticed Harold
 13068 | Lair:2   | Reached skill level 10 in Spellcasting
 13068 | Lair:2   | Reached skill level 5 in Fire Magic
 13542 | Lair:2   | Reached ***** piety under Vehumet
 13925 | Lair:2   | Reached XP level 12. HP: 69/69 MP: 3/26
 14072 | Lair:2   | Found a staircase to the Snake Pit.
 14258 | Lair:3   | Upgraded the game from 0.24-a0-584-g9d6b971ae4 to
                  | 0.24-a0-585-g5c5dc1b5cb
 14341 | Lair:3   | Learned a level 5 spell: Lightning Bolt
 14613 | Lair:3   | Reached skill level 11 in Conjurations
 15054 | Lair:3   | Offered knowledge of Poison Arrow by Vehumet.
 15065 | Lair:3   | Learned a level 6 spell: Poison Arrow
 15463 | Lair:3   | Found a staircase to the Shoals.
 15814 | Lair:4   | Noticed a six-headed hydra
 16321 | Lair:4   | Killed a six-headed hydra
 17479 | Lair:4   | Reached skill level 5 in Dodging
 18050 | Lair:5   | Found a runed translucent door.
 18051 | Lair:5   | Found a viscous altar of Jiyva.
 18108 | Lair:5   | Noticed a seven-headed hydra
 18127 | Lair:5   | Found a staircase to the Slime Pits.
 18321 | Lair:5   | Noticed an eight-headed hydra
 18624 | Lair:5   | Reached XP level 13. HP: 76/76 MP: 7/28
 18934 | Lair:5   | Reached skill level 10 in Poison Magic
 19354 | Lair:5   | Reached skill level 1 in Shields
 19821 | Lair:5   | Offered knowledge of Ozocubu's Refrigeration by Vehumet.
 19870 | Lair:6   | Entered Level 6 of the Lair of Beasts
 20136 | Lair:6   | Reached skill level 10 in Stealth
 20808 | Lair:6   | Reached skill level 12 in Conjurations
 21397 | Lair:6   | Found a large runed translucent door.
 21904 | Lair:6   | Reached XP level 14. HP: 41/83 MP: 5/30
 22230 | Lair:6   | Found a large runed translucent door.
 23183 | D:10     | Found the +7 Spriggan's Knife {stab, EV+4 Stlth+}
 23230 | D:10     | Noticed Fannar
 23461 | D:10     | Identified the Collected Works on Enthralling Cold
 23866 | D:11     | Reached skill level 13 in Conjurations
 24180 | D:11     | Found a runed translucent door.
 24180 | D:11     | Noticed kiredor's ghost (journeyman GrEE)
 24520 | D:11     | Found a staircase to the Orcish Mines.
 24525 | D:11     | Offered knowledge of Venom Bolt by Vehumet.
 25061 | D:12     | Noticed Urug
 25343 | D:12     | Noticed Sonja
 25349 | D:12     | Killed Sonja
 25552 | D:12     | Learned a level 5 spell: Iskenderun's Battlesphere
 25842 | D:12     | Found a shimmering altar of Xom.
 25910 | D:12     | Killed Urug
 26005 | D:13     | Found a shattered altar of Ashenzari.
 26037 | D:13     | Got a steaming mace
 26607 | D:13     | Upgraded the game from 0.24-a0-585-g5c5dc1b5cb to
                  | 0.24-a0-586-g8e0e932a4c
 27311 | D:14     | Reached XP level 15. HP: 88/88 MP: 5/32
 27578 | Orc:1    | Entered Level 1 of the Orcish Mines
 27578 | Orc:1    | Found a roughly hewn altar of Beogh.
 27936 | Orc:2    | Entered Level 2 of the Orcish Mines
 28224 | Orc:2    | Offered knowledge of Conjure Ball Lightning by Vehumet.
 28845 | Orc:2    | Found a staircase to the Elven Halls.
 28933 | Orc:2    | Found a radiant altar of Vehumet.
 29126 | Orc:2    | Found Toh Baiq's Armour Emporium.
 29126 | Orc:2    | Found Tughay's Magic Scroll Boutique.
 29128 | Orc:2    | Found Ponoi's Book Shop.
 29130 | Orc:2    | Found Diseyll's Jewellery Shoppe.
 29135 | Orc:2    | Bought a cursed ring of teleportation for 72 gold pieces
 29139 | Orc:2    | Bought a scroll of blinking for 97 gold pieces
 29139 | Orc:2    | Bought a scroll of teleportation for 39 gold pieces
 29139 | Orc:2    | Bought a scroll of identify for 26 gold pieces
 29139 | Orc:2    | Bought a scroll of identify for 26 gold pieces
 29139 | Orc:2    | Bought a scroll of identify for 26 gold pieces
 29139 | Orc:2    | Bought a scroll of enchant armour for 97 gold pieces
 29139 | Orc:2    | Bought a scroll of identify for 26 gold pieces
 29139 | Orc:2    | Bought a scroll of magic mapping for 45 gold pieces
 29976 | D:14     | Found a gate to the Vaults.
 30288 | D:15     | Entered Level 15 of the Dungeon
 30448 | D:14     | Upgraded the game from 0.24-a0-586-g8e0e932a4c to
                  | 0.24-a0-592-g9a1d66b0e3
 30783 | Snake:1  | Entered Level 1 of the Snake Pit
 30839 | Shoals:1 | Entered Level 1 of the Shoals
 31189 | Shoals:1 | Noticed a kraken
 32200 | Shoals:1 | Killed a kraken
 32200 | Shoals:1 | Reached skill level 14 in Conjurations
 32708 | Shoals:2 | Reached ****** piety under Vehumet
 32820 | Shoals:2 | Offered knowledge of Bolt of Cold by Vehumet.
 32822 | Shoals:2 | Noticed Ilsuiw
 33280 | Shoals:2 | Noticed Polyphemus
 33481 | Shoals:2 | Killed Polyphemus
 33507 | Shoals:2 | Reached skill level 15 in Spellcasting
 33998 | Shoals:3 | Reached XP level 16. HP: 93/93 MP: 27/35
 34027 | Shoals:3 | Noticed Donald
 34041 | Shoals:3 | Killed Donald
 34292 | Shoals:3 | Got an ancient lapis lazuli ring
 34293 | Shoals:3 | Identified the ring "Buket" {Str+6 Int+5} (You acquired it
                  | on level 3 of the Shoals)
 34302 | Shoals:3 | Learned a level 7 spell: Orb of Destruction
 34923 | Shoals:3 | Noticed Kirke
 34926 | Shoals:3 | Killed Kirke
 34938 | Shoals:3 | Noticed Nikola
 35088 | Shoals:3 | Killed Nikola
 35088 | Shoals:3 | Reached skill level 15 in Conjurations
 35275 | Shoals:3 | Identified the +4 mace of Infection {speed, MR+} (You found
                  | it on level 13 of the Dungeon)
 35648 | Shoals:4 | Entered Level 4 of the Shoals
 35671 | Shoals:4 | Found a basalt altar of Yredelemnul.
 36811 | Shoals:4 | Got a barnacled rune of Zot
 37068 | Shoals:4 | Offered knowledge of Bolt of Fire by Vehumet.
 37326 | Shoals:4 | Learned a level 6 spell: Bolt of Fire
 37539 | Shoals:4 | Noticed a kraken
 37893 | Shoals:4 | Killed a kraken
 38168 | Shoals:4 | Reached XP level 17. HP: 76/98 MP: 22/37
 38169 | Shoals:4 | Reached skill level 16 in Conjurations
 39063 | Vaults:1 | Entered Level 1 of the Vaults
 39202 | D:15     | Noticed Roxanne
 39257 | D:15     | Found a portal to a secret trove of treasure.
 39852 | D:15     | Found Loedud's Food Shoppe.
 39958 | D:15     | Found a staircase to the Depths.
 40390 | Vaults:1 | Offered knowledge of Bolt of Cold by Vehumet.
 41784 | Vaults:1 | Reached skill level 17 in Conjurations
 42495 | Vaults:2 | Reached XP level 18. HP: 105/105 MP: 27/39
 43029 | Vaults:2 | Reached skill level 5 in Fighting
 43113 | Vaults:2 | Found Ylubifyd's Magic Scroll Shop.
 43119 | Vaults:2 | Bought a scroll of blinking for 112 gold pieces
 43119 | Vaults:2 | Bought a scroll of fear for 52 gold pieces
 43348 | Vaults:2 | Found a staircase to the Crypt.
 44169 | Vaults:2 | Offered knowledge of Lehudib's Crystal Spear by Vehumet.
 44169 | Vaults:2 | Offered knowledge of Glaciate by Vehumet.
 44169 | Vaults:2 | Offered knowledge of Chain Lightning by Vehumet.
 44264 | Vaults:2 | Learned a level 6 spell: Iron Shot
 44274 | Vaults:3 | Learned a level 3 spell: Ozocubu's Armour
 44286 | Vaults:3 | Reached skill level 1 in Ice Magic
 44347 | Vaults:3 | Got a steaming platinum ring
 44348 | Vaults:3 | Identified the ring "Ralauv" {rN+ EV+1 Int+3 Dex+2} (You
                  | acquired it on level 3 of the Vaults)
 44376 | Vaults:3 | Reached skill level 1 in Earth Magic
 44853 | Vaults:3 | Found Failefou's Food Shop.
 45460 | Vaults:3 | Reached skill level 5 in Earth Magic
 46134 | Vaults:3 | Reached XP level 19. HP: 124/124 MP: 16/40
 46638 | Vaults:4 | Reached skill level 10 in Fighting
 48542 | Vaults:4 | Reached skill level 10 in Earth Magic
 49327 | Vaults:4 | Reached skill level 5 in Shields
 49390 | Vaults:4 | Got a fine lapis lazuli ring
 49392 | Vaults:4 | Identified the ring of Qellaun {rElec rPois rC+ Int+2
                  | Dex-4} (You acquired it on level 4 of the Vaults)
 49706 | Elf:1    | Entered Level 1 of the Elven Halls
 49711 | Elf:1    | Reached XP level 20. HP: 87/135 MP: 41/41
 51248 | Elf:1    | Found an ancient bone altar of Kikubaaqudgha.
 51596 | Elf:2    | Reached skill level 10 in Shields
 52334 | Elf:2    | Found a runed translucent gate.
 52334 | Elf:2    | Found a runed translucent gate.
 52338 | Elf:2    | Found a runed translucent gate.
 52418 | Elf:2    | Found Cyusym's Armour Emporium.
 52570 | Elf:3    | Entered Level 3 of the Elven Halls
 53449 | Elf:3    | Cast into level 2 of the Abyss (a deep elf sorcerer)
 54159 | Elf:3    | Escaped the Abyss
 54258 | Elf:3    | Identified the +11 glaive "Alouseh" {drain, Int+8}
 54260 | Elf:3    | Identified the cursed +1 chain mail of the Guilds {*Corrode
                  | rElec rN+ Regen+}
 54808 | Elf:3    | Identified the +6 great sword "Luvong" {speed, Fragile
                  | rPois MR+ MP+9}
 54954 | Elf:3    | Reached XP level 21. HP: 140/140 MP: 38/42
 55263 | Elf:3    | Identified the amulet "Meriro" {RegenMP Str+4}
 55750 | Elf:3    | Identified the Compendium of the Birds and Fire
 55841 | Elf:3    | Identified Kuolon's Grimoire of Unholy Arts
 55941 | Elf:2    | Got a coiled amber ring
 55942 | Elf:2    | Identified the ring "Laqe" {+Fly rElec EV+3 Dex-2 Stlth-}
                  | (You acquired it on level 2 of the Elven Halls)
 56184 | D:15     | You paid a toll of a +5 demon blade to enter a treasure
                  | trove
 56185 | Trove    | Entered a treasure trove
 56190 | Trove    | Got a twitching pewter ring
 56195 | Trove    | Got a slimy platinum ring
 56200 | Trove    | Got a bound jade ring
 56202 | Trove    | Got a pitted lapis lazuli ring
 56208 | Trove    | Identified the ring of Juph {rElec rF- Str+3 Dex+6} (You
                  | found it in a treasure trove)
 56209 | Trove    | Identified the ring "Paog" {MP+9 Str-2 Int+5 SInv} (You
                  | found it in a treasure trove)
 56210 | Trove    | Identified the ring "Beschil" {*Corrode rElec rF+ Slay+3
                  | Stlth+} (You found it in a treasure trove)
 56211 | Trove    | Identified the ring of the City {Wiz -Tele rPois Str+4}
                  | (You found it in a treasure trove)
 56215 | Trove    | Got a wavering silver ring
 56220 | Trove    | Got a slimy amber ring
 56227 | Trove    | Identified the ring "Luxtoeg" {rN+ Int+2} (You found it in
                  | a treasure trove)
 56228 | Trove    | Identified the ring of Rirafin {*Tele rPois Str-5 Int+3}
                  | (You found it in a treasure trove)
 56240 | Trove    | Got a heavily runed silver ring
 56247 | Trove    | Identified the amulet of Henotheism {Faith +Fly rPois MR-}
                  | (You found it in a treasure trove)
 56254 | Trove    | Identified the amulet "Mokly" {+Rage +Fly Str-3 Dex+3} (You
                  | found it in a treasure trove)
 56269 | Trove    | Got a smoking ivory ring
 56284 | D:15     | Identified the ring "Cuxayjir" {Wiz rElec rF++} (You found
                  | it in a treasure trove)
 56286 | D:15     | Identified the ring of the Lizard {*Slow +Inv rElec rC+
                  | MR-} (You found it in a treasure trove)
 56361 | D:15     | Noticed Azrael
 56365 | D:15     | Killed Azrael
 56510 | D:15     | Killed Roxanne
 56510 | D:15     | Reached skill level 15 in Shields
 57580 | Snake:1  | Noticed Aizul
 57585 | Snake:1  | Killed Aizul
 60074 | Snake:2  | Learned a level 7 spell: Spellforged Servitor
 60083 | Snake:2  | Learned a level 5 spell: Borgnjor's Vile Clutch
 60350 | Snake:3  | Found a shimmering altar of Xom.
 60507 | Snake:3  | Reached skill level 18 in Conjurations
 60554 | Snake:3  | Noticed Agnes
 61045 | Snake:4  | Entered Level 4 of the Snake Pit
 61067 | Snake:4  | Reached XP level 22. HP: 146/146 MP: 42/44
 63289 | Snake:4  | Got a serpentine rune of Zot
 63359 | Snake:4  | Upgraded the game from 0.24-a0-592-g9a1d66b0e3 to
                  | 0.24-a0-613-g1ff6aac338
 63553 | Lair:2   | Lost mutation: You are resistant to hostile enchantments.
                  | (MR+) [potion of mutation]
 63553 | Lair:2   | Lost mutation: You are dopey. (Int -2) [potion of mutation]
 63553 | Lair:2   | Gained mutation: Your body sometimes deteriorates upon
                  | taking damage. [potion of mutation]
 63553 | Lair:2   | Gained mutation: You have an increased reservoir of magic.
                  | (+10% MP) [potion of mutation]
 63553 | Lair:2   | Gained mutation: You are covered in fur. (AC +1) [potion of
                  | mutation]
 63554 | Lair:2   | Lost mutation: Your body sometimes deteriorates upon taking
                  | damage. [potion of mutation]
 63554 | Lair:2   | Lost mutation: Your system is resistant to poisons. (rPois)
                  | [potion of mutation]
 63554 | Lair:2   | Lost mutation: You are covered in fur. (AC +1) [potion of
                  | mutation]
 63554 | Lair:2   | Gained mutation: You tend to lose your temper in combat.
                  | [potion of mutation]
 63554 | Lair:2   | Gained mutation: You are clumsy. (Dex -2) [potion of
                  | mutation]
 63554 | Lair:2   | Gained mutation: Your body sometimes deteriorates upon
                  | taking damage. [potion of mutation]
 63554 | Lair:2   | Lost mutation: You are clumsy. (Dex -2) [potion of
                  | mutation]
 63555 | Lair:2   | Lost mutation: You tend to lose your temper in combat.
                  | [potion of mutation]
 63555 | Lair:2   | Lost mutation: You have an increased reservoir of magic.
                  | (+10% MP) [potion of mutation]
 63555 | Lair:2   | Gained mutation: You are dopey. (Int -2) [potion of
                  | mutation]
 63555 | Lair:2   | Gained mutation: You have an increased reservoir of magic.
                  | (+10% MP) [potion of mutation]
 63555 | Lair:2   | Gained mutation: Your flesh is heat resistant. (rF+)
                  | [potion of mutation]
 63556 | Lair:2   | Lost mutation: You have an increased reservoir of magic.
                  | (+10% MP) [potion of mutation]
 63556 | Lair:2   | Lost mutation: You are dopey. (Int -2) [potion of mutation]
 63556 | Lair:2   | Lost mutation: Your body sometimes deteriorates upon taking
                  | damage. [potion of mutation]
 63556 | Lair:2   | Lost mutation: Your flesh is heat resistant. (rF+) [potion
                  | of mutation]
 63556 | Lair:2   | Gained mutation: Your spells are a little easier to cast,
                  | but a little less powerful. [potion of mutation]
 63556 | Lair:2   | Gained mutation: You are surrounded by a mild repulsion
                  | field. (EV +2) [potion of mutation]
 63556 | Lair:2   | Gained mutation: You possess an exceptional clarity of
                  | mind. [potion of mutation]
 63557 | Lair:2   | Lost mutation: Your spells are a little easier to cast, but
                  | a little less powerful. [potion of mutation]
 63557 | Lair:2   | Lost mutation: You possess an exceptional clarity of mind.
                  | [potion of mutation]
 63557 | Lair:2   | Gained mutation: You are somewhat resistant to further
                  | mutation. [potion of mutation]
 63764 | Depths:1 | Entered Level 1 of the Depths
 64119 | Depths:1 | Reached skill level 19 in Conjurations
 64985 | Depths:1 | Found a gateway to Hell.
 65081 | Depths:1 | Found a one-way gate to the infinite horrors of the Abyss.
 66037 | Depths:2 | Noticed the Enchantress
 66043 | Depths:2 | Reached skill level 10 in Fire Magic
 66062 | Depths:2 | Killed the Enchantress
 66062 | Depths:2 | Reached XP level 23. HP: 72/152 MP: 21/46
 66478 | Depths:2 | Noticed a juggernaut
 66505 | Depths:2 | Noticed Asterion
 66510 | Depths:2 | Killed Asterion
 66546 | Depths:2 | Reached skill level 1 in Necromancy
 66660 | Depths:2 | Identified the +11 quarterstaff of the Blowfly {flame,
                  | +Blink rF+ rC- Int+2}
 66819 | Depths:2 | Reached skill level 20 in Conjurations
 67013 | Depths:2 | Killed a juggernaut
 67512 | Depths:2 | Got a translucent hand crossbow
 67882 | Depths:2 | Identified the +1 hand crossbow "Gram" {freeze, +Inv rC-
                  | MR+ Str+3 Dex+5} (You found it on level 2 of the Depths)
 67942 | Depths:2 | Learned a level 8 spell: Ignition
 68125 | Depths:3 | Found a one-way gate leading to the halls of Pandemonium.
 68645 | Depths:3 | Noticed a golden dragon
 68651 | Depths:3 | Killed a golden dragon
 69685 | Depths:3 | Found a gateway to a ziggurat.
 70186 | Depths:4 | Noticed a golden dragon
 70196 | Depths:4 | Killed a golden dragon
 70461 | Depths:4 | Reached XP level 24. HP: 158/158 MP: 40/46
 70825 | Depths:4 | Found a glowing silver altar of Zin.
 70935 | Depths:4 | Reached skill level 15 in Fire Magic
 71123 | Depths:4 | Paralysed by a great orb of eyes for 5 turns
 71591 | Depths:4 | Identified the cursed +1 flail of the Ecumenical Temple
                  | {freeze, rElec Str+4}
 71634 | Depths:4 | Noticed a caustic shrike
 71664 | Depths:4 | Killed a caustic shrike
 71940 | Depths:4 | Noticed a juggernaut
 71940 | Depths:4 | Noticed a juggernaut
 71944 | Depths:4 | Killed a juggernaut
 71948 | Depths:4 | Killed a juggernaut
 72231 | Depths:4 | Noticed a juggernaut
 72242 | Depths:4 | Killed a juggernaut
 72244 | Depths:4 | Reached skill level 21 in Conjurations
 72543 | Depths:5 | Entered Level 5 of the Depths
 73934 | Depths:5 | Found a gate to the Realm of Zot.
 74418 | Slime:1  | Entered Level 1 of the Pits of Slime
 74683 | Slime:4  | Reached XP level 25. HP: 140/163 MP: 25/47
 74797 | Slime:5  | Entered Level 5 of the Pits of Slime
 74949 | Slime:5  | Found a viscous altar of Jiyva.
 74950 | Slime:5  | Noticed the Royal Jelly
 74958 | Slime:5  | Reached skill level 22 in Conjurations
 74958 | Slime:5  | Killed the Royal Jelly
 75027 | Slime:5  | Found the ring of Robustness {AC+8}
 75044 | Slime:5  | Got a slimy rune of Zot
 75093 | Slime:5  | Got a bound silver ring
 75106 | Slime:5  | Identified the ring of Makhleb's Hatred {+Blink rC+++ Dex-4
                  | SInv Stlth-} (You found it on level 5 of the Pits of Slime)
 75175 | Lair:5   | Learned a level 2 spell: Sublimation of Blood
 75501 | Crypt:1  | Entered Level 1 of the Crypt
 75517 | Crypt:1  | Reached skill level 1 in Charms
 75938 | Crypt:1  | Noticed Mennas
 76855 | Crypt:1  | Found a runed translucent door.
 76855 | Crypt:1  | Noticed Addacahu's ghost (veteran GrEE)
 76904 | Crypt:2  | Reached skill level 23 in Conjurations
 76991 | Crypt:2  | Learned a level 6 spell: Deflect Missiles
 77060 | Crypt:2  | Found an ancient bone altar of Kikubaaqudgha.
 77330 | Crypt:2  | Reached skill level 5 in Charms
 77892 | Crypt:2  | Found a basalt altar of Yredelemnul.
 77961 | Crypt:3  | Entered Level 3 of the Crypt
 78865 | Crypt:3  | Found a staircase to the Tomb.
 78933 | Crypt:3  | Reached XP level 26. HP: 169/169 MP: 21/47
 79515 | Crypt:3  | Noticed Xtahua
 79519 | Crypt:3  | Killed Xtahua
 79523 | Crypt:3  | Reached skill level 5 in Necromancy
 80055 | Crypt:3  | Found the +2 robe of Vines {NoPotionHeal Regen+7}
 80085 | Crypt:3  | Identified the Guide on Combat Magic
 80105 | Crypt:3  | Identified Aceag's Volume of Evil
 80334 | Vaults:5 | Entered Level 5 of the Vaults
 80347 | Vaults:5 | Reached skill level 10 in Necromancy
 80359 | Vaults:4 | Upgraded the game from 0.24-a0-613-g1ff6aac338 to
                  | 0.24-a0-618-ge4662a2d14
 80494 | Vaults:4 | Upgraded the game from 0.24-a0-618-ge4662a2d14 to
                  | 0.24-a0-630-g0d56a851f4
 80819 | Vaults:1 | Learned a level 8 spell: Chain Lightning
 81010 | Depths:5 | Reached skill level 1 in Air Magic
 81029 | Zot:1    | Entered Level 1 of the Realm of Zot
 81040 | Depths:5 | Learned a level 3 spell: Ozocubu's Armour
 81066 | Zot:1    | Reached skill level 5 in Ice Magic
 81077 | Zot:1    | HP: 7/169 [death cob (31)]
 81660 | Zot:1    | Noticed an orb of fire
 81790 | Zot:1    | Killed an orb of fire
 81816 | Zot:1    | Reached XP level 27. HP: 115/174 MP: 43/47
 82083 | Zot:1    | Reached skill level 10 in Ice Magic
 83263 | Orc:2    | Bought a scroll of amnesia for 45 gold pieces
 83599 | Zot:2    | Found a transporter.
 83633 | Zot:2    | Found a transporter.
 86199 | Zot:3    | Learned a level 9 spell: Glaciate
 86927 | Zot:4    | Reached skill level 24 in Conjurations
 88355 | Vaults:5 | Reached skill level 15 in Ice Magic
 88620 | Vaults:5 | Identified the +5 shortbow of Sudden Death {venom, +Fly rF+
                  | rC++}
 88744 | Vaults:5 | Got a silver rune of Zot
 88956 | Vaults:5 | Found the +3 warlock's mirror {reflect}
 88956 | Vaults:5 | Identified the Almanac of Excruciating Augmentations
 89614 | Orc:2    | Bought a book of Necromancy for 480 gold pieces
 89624 | Orc:2    | Learned a level 3 spell: Regeneration
 89798 | Depths:1 | Voluntarily entered the Abyss.
 90092 | Abyss:1  | Found a shimmering blue altar of Sif Muna.
 90102 | Abyss:2  | Got a heavily runed copper amulet
 90103 | Abyss:2  | Identified the amulet "Sepp" {Inacc Int+5} (You found it on
                  | level 2 of the Abyss)
 90146 | Abyss:3  | Found a snail-covered altar of Cheibriados.
 90535 | Abyss:3  | Got an abyssal rune of Zot
 90598 | Abyss:5  | Entered Level 5 of the Abyss
 90598 | Abyss:5  | Entered Level 5 of the Abyss
 90610 | Depths:1 | Escaped the Abyss
 90618 | Depths:1 | Got a crude golden ring
 90619 | Depths:1 | Identified the ring "Qeowoih" {rF+ Int+3} (You acquired it
                  | on level 1 of the Depths)
 90620 | Depths:1 | Identified the ring "Jitif" {+Inv +Fly Str+2 Dex+6 Stlth-}
                  | (You acquired it on level 1 of the Depths)
 90623 | Depths:1 | Got a warped iron ring
 90624 | Depths:1 | Identified the ring of Tutyol {Int+5 Dex+3 SInv} (You
                  | acquired it on level 1 of the Depths)
 90665 | Pan      | Entered Pandemonium
 90671 | Pan      | Found an exit through the horrors of the Abyss.
 90675 | Pan      | Noticed Lorod Ubyo the pandemonium lord
 90681 | Pan      | Killed Lorod Ubyo the pandemonium lord
 90747 | Pan      | Got a demonic rune of Zot
 90868 | Pan      | Identified the cursed +1 dagger of Dishonour {chaos, rN+}
                  | (You found it in Pandemonium)
 91073 | Pan      | Reached skill level 15 in Fighting
 91601 | Pan      | Noticed Qiobuomp the pandemonium lord
 91621 | Pan      | Killed Qiobuomp the pandemonium lord
 92376 | Pan      | Noticed Vesas the pandemonium lord
 92385 | Pan      | Killed Vesas the pandemonium lord
 92416 | Pan      | Identified the ring of Elosat {*Tele rF+ MR+ Str+4 Int-3}
 92865 | Pan      | Found an exit through the horrors of the Abyss.
 92866 | Pan      | Reached skill level 25 in Conjurations
 93227 | Pan      | Found a runed translucent door.
 93538 | Pan      | Noticed Huap the pandemonium lord
 93546 | Pan      | Killed Huap the pandemonium lord
 94760 | Pan      | Noticed Xionk the pandemonium lord
 94766 | Pan      | Killed Xionk the pandemonium lord
 95154 | Pan      | Identified the +7 dagger of Crystal {protect, rPois rC+
                  | Dex+3} (You found it in Pandemonium)
 95532 | Pan      | Noticed Keliem the pandemonium lord
 95537 | Pan      | Killed Keliem the pandemonium lord
 95884 | Pan      | Upgraded the game from 0.24-a0-630-g0d56a851f4 to
                  | 0.24-a0-639-gb70a11d811
 96430 | Pan      | Found a transporter.
 96469 | Pan      | Found a transporter.
 97072 | Pan      | Reached skill level 26 in Conjurations
 97170 | Pan      | Identified the ring "Xapeppo" {rN+ Slay+2 SInv Stlth-} (You
                  | found it in Pandemonium)
 97181 | Pan      | Identified the ring "Nan Raoph" {Fire Dex+4} (You found it
                  | in Pandemonium)
 97685 | Pan      | Identified the cursed +1 shortbow of Destiny {flame, MR++
                  | MP+9 Dex+6 Stlth-} (You found it in Pandemonium)
 97930 | Pan      | Noticed Rioneil the pandemonium lord
 97937 | Pan      | Killed Rioneil the pandemonium lord
 98073 | Pan      | Quit the game

Levels and vault maps discovered:
D:1:      dpeg_arrival_oval, layout_basic, hangedman_glass_teeth
D:2:      minmay_inner_zag, layout_basic
D:3:      layout_rooms, overflow_temple_1_default, ebering_ghost_sewer_d,
          minmay_joined_circles, uniq_jessica
D:4:      cheibrodos_old_hovel, layout_basic,
          grunt_temple_overflow_order_and_chaos_1, minmay_temple_entry_waves,
          minmay_bisected, uniq_sigmund, uniq_duvessa, uniq_menkaure, uniq_pikel
D:5:      layout_loops_ring, first_ration, basic_altar, lemuel_old_faithful,
          uniq_edmund, uniq_eustachio
D:6:      layout_gridville, enter_ossuary_4, minmay_misc_feat_pillars,
          fedhas_altar_1
D:7:      layout_cave_pools, the_bakery
D:8:      layout_loops_cross, kennysheep_little_box,
          grunt_temple_overflow_cloverleaf, okawaru_altar_gauntlet_db,
          uniq_maurice
D:9:      layout_cave_pods, david_lair_shrubbed
D:10:     layout_roguey, minmay_evil_grid, uniq_snorg, uniq_fannar
D:11:     layout_rooms, kennysheep_orc_monster_closet_entryway,
          ebering_ghost_inner_flame
D:12:     layout_roguey, basic_altar, minmay_misc_feat_iff,
          chequers_serial_rivers_micro_a, uniq_sonja, uniq_urug
D:13:     layout_long_grid, lemuel_tele_altar
D:14:     layout_roguey, david_vaults_4
D:15:     grunt_enter_depths_snipers, layout_long_grid, enter_trove_6,
          serial_shops, shop, uniq_roxanne, uniq_azrael
Lair:1:   layout_concentric_octagons, minmay_hedge_maze,
          chequers_serial_rivers_micro_c, uniq_grum, uniq_harold
Lair:2:   layout_regular_city, minmay_snake_entry_guardpost_small
Lair:3:   layout_cave_pods, elwin_shoals_entry_stream, st_stairs_5
Lair:4:   layout_loops_ring, st_stairs_11
Lair:5:   layout_layer_cave, slime_altar_2, minmay_stone_trees_small,
          cheibrodos_lair_lostbears, minmay_lair_oklob_chamber
Lair:6:   cheibrodos_lair_end_hotspot, layout_big_grid
Shoals:1: layout_shoals
Shoals:2: layout_shoals, uniq_ilsuiw, uniq_polyphemus
Shoals:3: layout_shoals, hangedman_shoal_volcano, uniq_nikola, uniq_donald,
          uniq_kirke
Shoals:4: shoals_end_grunt_garden, layout_shoals, lemuel_oklob_altar
Snake:1:  layout_gridlike, uniq_aizul
Snake:2:  nicolae_cobra_stairs, layout_chambers
Snake:3:  skrybe_snakes_to_sticks, layout_grid_maze, uniq_agnes
Snake:4:  snake_pit, layout_rooms, guppyfry_snake_island
Slime:1:  cheibrodos_slime_lost_civilization_9, layout_caves
Slime:2:  layout_caves
Slime:3:  layout_caves
Slime:4:  layout_caves
Slime:5
Orc:1:    layout_diamond_mine, basic_altar, nicolae_orc_lava_room
Orc:2:    st_orc_rangers, layout_caves, basic_altar
Elf:1:    minmay_elf_arrival_circle, layout_loops_corners, basic_altar,
          hangedman_elf_represent
Elf:2:    layout_onion_city, serial_shops, nicolae_shop_statue_plus,
          dk_noncrumbling_3
Elf:3:    minmay_elf_hall_not_hex, layout_loops_corners, minivault_25,
          grunt_ministairs_3
Vaults:1: v_pattern_4, nicolae_vaults_network_star, v_misc_14,
          hangedman_vaults_restitches, nicolae_vaults_mini_display_case,
          ontoclasm_vaults_eye, grunt_vaults_hallway_short,
          layout_vaults_omnigrid
Vaults:2: v_misc_24, v_misc_18, st_lines, nicolae_vaults_little_squares_2,
          minmay_crypt_entry_simple_walls, ontoclasm_vaults_decontamination,
          ontoclasm_vaults_ring_small, nicolae_vaults_gold_heap, serial_ice_h,
          grunt_vaults_hallway_short, layout_vaults_chaotic_city, serial_shops,
          nicolae_shop_crystal
Vaults:3: vaults_mumra_lcd, vaults_room_large_hall, vaults_room_fancy_cross,
          hangedman_vaults_stagger, v_misc_4, nicolae_vaults_network_s,
          v_pattern_5, vaults_mumra_minichess, vaults_dpeg_hooks,
          layout_vaults_ring, serial_shops, shop, serial_glass
Vaults:4: hangedman_vaults_nodes, v_misc_27, nicolae_vaults_quadrants,
          v_alt_pattern_2, v_misc_4, ontoclasm_vaults_ligature,
          nicolae_vaults_circle_grid_a, v_misc_13,
          nicolae_vaults_network_square, hangedman_vaults_nails,
          layout_vaults_omnibox
Vaults:5: serial_shops
Crypt:1:  layout_catacombs, ebering_ghost_inner_flame, minmay_misc_feat_cross,
          uniq_mennas
Crypt:2:  layout_rooms, hangedman_crypt_dual_shrines
Crypt:3:  due_elkab, layout_chaotic_city, uniq_xtahua
Depths:1: layout_cave_pools, abyss_entry_small_statue_room, grunt_decor_cap,
          grunt_mini_vestibule, serial_co_window_serial, co_window_paths_a,
          co_window_paths_a, co_window_of_opportunity_a,
          co_window_of_opportunity_a, co_window_paths_b,
          co_window_of_opportunity_c, co_window_corner_cb,
          co_window_unsneaky_path_c, co_window_4corner_b, glass_columns_b,
          glass_columns_c, glass_columns_a, glass_columns_c
Depths:2: minmay_the_grid_3x2 [minmay_the_grid_odd_star, minmay_the_grid_paths,
          minmay_the_grid_square_x, minmay_the_grid_airy,
          minmay_the_grid_embedded,
          minmay_the_grid_prize_four_corners_diamond_b], layout_basic,
          grunt_hell_entry_dis_grunt, roderic_serpentine_path, firewood_loft,
          minmay_staircase_statues, uniq_asterion, uniq_enchantress
Depths:3: hangedman_cross_cluster, layout_gridlike, enter_ziggurat_a,
          hangedman_coc_ice_floe, abyss_entry, serial_bayou_pond_e,
          rand_demon_pan_entry_5, hangedman_abyss_or_decor_passed, hex_medium,
          grunt_tough_drop
Depths:4: kennysheep_large_spiral, layout_basic, abyss_entry, hell_entry,
          lemuel_statue_altar
Depths:5: evilmike_zot_entry_round, layout_honeycomb, pf_hell_entry_tar_spiral,
          hangedman_abyss_or_decor_lesser_grid, minmay_misc_feat_chi,
          serial_bayou_shore_b
Zot:1:    grunt_zot_stairs_mandelzot, layout_onion_interference,
          grunt_ministairs_15
Zot:2:    gammafunk_sealed_arena, layout_twisted_circle, skrybe_zot_glass_1
Zot:3:    layout_gridville
Zot:4:    layout_gridlike
Pan:      rand_demon_6, layout_rooms, grunt_pan_sceptre, layout_gridlike,
          nicolae_pan_sigil_eeng, regret_index_pan_draining_boxed,
          layout_pan_divisions_b [pan_division_quadrant_b3,
          pan_division_quadrant_b3, pan_division_quadrant_b5,
          pan_division_quadrant_b1], nicolae_pan_sick_transit, pan_disco_hall,
          layout_grid_shapes, evilmike_mini_pan_corner, layout_small_grid,
          lemuel_hellion_island, layout_irregular_city, pan_blood_fountain,
          pan_blood_fountain_small, gammafunk_dig_for_victory, layout_basic,
          evilmike_mini_pan_doors_b, layout_rooms, pan_blood_fountain_small,
          grunt_pan_frozen_over, layout_stronghold, pan_blood_fountain

Skill      XL: |  1  2  3  4  5  6  7  8  9 10 11 12 13 14 15 16 17 18 19 20 21 22 23 24 25 26 27 |
---------------+----------------------------------------------------------------------------------+-----
Spellcasting   | 4 5 6 7 8 10 11 12 13 15 16 17 18 19 20 25 | 25.5
Conjurations   | 2 3 4 5 6 7 8 9 10 11 12 13 14 15 17 18 19 20 21 23 26 | 26.2
Short Blades   | 2 4 5 7 8 |  8.0
Stealth        | 3 4 6 7 10 | 10.0
Dodging        | 3 4 5 6 7 9 |  9.0
Fire Magic     | 2 3 5 6 7 8 10 14 15 | 15.0
Poison Magic   | 2 4 5 9 10 | 10.0
Fighting       | 1 2 3 9 11 17 | 17.4
Translocations | 2 |  2.0
Shields        | 1 4 6 13 15 | 15.0
Ice Magic      | 1 9 16 | 16.6
Earth Magic    | 6 11 12 | 12.4
Summonings     | 2 |  2.2
Necromancy     | 1 10 11 | 11.7
Charms         | 9 |  9.0
Air Magic      | 1 |  1.6

Action                   |  1- 3 |  4- 6 |  7- 9 | 10-12 | 13-15 | 16-18 | 19-21 | 22-24 | 25-27 || total
-------------------------+-------+-------+-------+-------+-------+-------+-------+-------+-------++-------
Melee: Short sword       |    13 |    19 |       |       |       |       |       |       |       ||    32
       Constrict         |     5 |    16 |    43 |    26 |    14 |    19 |    14 |    11 |    41 ||   189
       Tentacles         |     2 |     8 |    33 |    20 |    22 |    33 |    14 |    17 |    44 ||   193
       Dagger            |       |    38 |   187 |   169 |     5 |       |       |       |       ||   399
       Knife             |       |       |       |       |   168 |   134 |   126 |   121 |   262 ||   811
       Staff             |       |       |       |       |    10 |       |       |       |       ||    10
 Cast: Magic Dart        |    82 |   145 |   162 |   298 |   178 |    35 |     1 |       |       ||   901
       Mephitic Cloud    |     2 |     9 |    27 |    75 |     2 |    16 |     6 |     1 |       ||   138
       Conjure Flame     |     1 |     1 |    10 |    36 |    10 |     5 |       |       |       ||    63
       Ignite Poison     |       |       |     1 |    30 |    19 |    21 |    18 |       |       ||    89
       Blink             |       |       |       |    18 |     1 |     1 |     1 |       |     6 ||    27
       Olgreb's Toxic Ra |       |       |       |     2 |    15 |    10 |     6 |       |       ||    33
       Lightning Bolt    |       |       |       |    51 |     9 |     3 |       |       |       ||    63
       Poison Arrow      |       |       |       |    33 |   355 |   291 |   226 |   203 |    10 ||  1118
       Iskenderun's Batt |       |       |       |       |    33 |     7 |       |       |       ||    40
       Orb of Destructio |       |       |       |       |       |     2 |     4 |     1 |    72 ||    79
       Bolt of Fire      |       |       |       |       |       |    98 |   205 |   178 |   110 ||   591
       Iron Shot         |       |       |       |       |       |     3 |   117 |   194 |   597 ||   911
       Ozocubu's Armour  |       |       |       |       |       |     1 |     1 |       |     1 ||     3
       Spellforged Servi |       |       |       |       |       |       |     1 |    37 |    29 ||    67
       Borgnjor's Vile C |       |       |       |       |       |       |       |     2 |     1 ||     3
       Ignition          |       |       |       |       |       |       |       |     8 |   127 ||   135
       Sublimation of Bl |       |       |       |       |       |       |       |       |   117 ||   117
       Deflect Missiles  |       |       |       |       |       |       |       |       |     8 ||     8
       Chain Lightning   |       |       |       |       |       |       |       |       |     1 ||     1
       Glaciate          |       |       |       |       |       |       |       |       |   276 ||   276
       Regeneration      |       |       |       |       |       |       |       |       |    50 ||    50
Evoke: Wand              |       |       |       |    18 |    21 |     6 |     2 |     5 |    19 ||    71
       Phial of floods   |       |       |       |     1 |     1 |     1 |     1 |       |     3 ||     7
       Lamp of fire      |       |       |       |       |       |       |       |       |     2 ||     2
  Use: Scroll            |       |     8 |    11 |    14 |    15 |     9 |    32 |     9 |    38 ||   136
       Potion            |       |     4 |     3 |     5 |     2 |     2 |     4 |    10 |    21 ||    51
 Stab: Confused          |     1 |     4 |    10 |    10 |       |       |       |       |       ||    25
       Sleeping          |       |     2 |     4 |     6 |    16 |    37 |    12 |    10 |     9 ||    96
  Eat: Chunk             |     2 |     8 |     5 |    25 |    78 |    45 |    18 |    19 |     6 ||   206
       Ration            |       |       |     2 |     8 |    17 |     4 |     8 |     7 |    22 ||    68
Armor: Skin              |     2 |     6 |     4 |     5 |    11 |    14 |     4 |     5 |    36 ||    87
Dodge: Dodged            |    13 |    49 |    83 |   102 |   193 |   106 |   110 |    86 |   284 ||  1026
       Deflected         |       |       |       |       |       |       |       |       |    47 ||    47
Block: Other             |       |       |       |     2 |     8 |       |       |       |       ||    10
       Buckler           |       |       |       |       |    28 |    48 |    52 |       |       ||   128
       Reflection        |       |       |       |       |    14 |     4 |    31 |    43 |    19 ||   111
       Shield            |       |       |       |       |       |       |    36 |   108 |   428 ||   572

Table legend:
 A = Non-vault XP
 B = Vault XP
 C = Vault XP percentage of total XP
 D = Non-vault monster count
 E = Vault monster count
 F = Vault count percentage of total count
                 A         B        C        D         E       F
            +---------+---------+-------+---------+---------+-------
      Total | 1249709 |  837737 |  40.1 |    2018 |     923 |  31.4
            +---------+---------+-------+---------+---------+-------
        D:1 |      33 |       0 |   0.0 |      15 |       0 |   0.0
        D:2 |     201 |      25 |  11.1 |      28 |       6 |  17.6
        D:3 |     155 |      92 |  37.2 |      18 |      16 |  47.1
        D:4 |     519 |     960 |  64.9 |      22 |       4 |  15.4
        D:5 |     403 |     361 |  47.3 |      10 |       2 |  16.7
        D:6 |     782 |       2 |   0.3 |      28 |       2 |   6.7
        D:7 |    1172 |     224 |  16.0 |      10 |       1 |   9.1
        D:8 |    1820 |     358 |  16.4 |      36 |       7 |  16.3
        D:9 |     530 |     372 |  41.2 |      11 |       1 |   8.3
       D:10 |    2421 |    4240 |  63.7 |      18 |       7 |  28.0
       D:11 |    5101 |    1812 |  26.2 |      33 |      20 |  37.7
       D:12 |    7068 |    1669 |  19.1 |      27 |       2 |   6.9
       D:13 |    7244 |       0 |   0.0 |      37 |       0 |   0.0
       D:14 |    6323 |    1508 |  19.3 |      21 |       3 |  12.5
       D:15 |   15604 |    6883 |  30.6 |      43 |       9 |  17.3
     Lair:1 |    2403 |     589 |  19.7 |      11 |       5 |  31.2
     Lair:2 |    3585 |     489 |  12.0 |      18 |       3 |  14.3
     Lair:3 |     763 |    1889 |  71.2 |       4 |       6 |  60.0
     Lair:4 |    5918 |    1196 |  16.8 |      23 |       2 |   8.0
     Lair:5 |    8093 |    6519 |  44.6 |      28 |      20 |  41.7
     Lair:6 |    7133 |    7215 |  50.3 |      24 |      28 |  53.8
   Shoals:1 |   13867 |       0 |   0.0 |      24 |       0 |   0.0
   Shoals:2 |    8398 |    6276 |  42.8 |      19 |       6 |  24.0
   Shoals:3 |    7917 |   12685 |  61.6 |      19 |      12 |  38.7
   Shoals:4 |   19273 |   18091 |  48.4 |      38 |      29 |  43.3
    Snake:1 |   12425 |    1647 |  11.7 |      23 |       1 |   4.2
    Snake:2 |   19501 |   15144 |  43.7 |      34 |      16 |  32.0
    Snake:3 |   14457 |     478 |   3.2 |      22 |       1 |   4.3
    Snake:4 |   17993 |   30779 |  63.1 |      34 |      48 |  58.5
    Slime:1 |     758 |       0 |   0.0 |       2 |       0 |   0.0
    Slime:3 |    8345 |       0 |   0.0 |       5 |       0 |   0.0
    Slime:4 |    4702 |       0 |   0.0 |       8 |       0 |   0.0
    Slime:5 |    6967 |   36142 |  83.8 |      12 |      14 |  53.8
      Orc:1 |    1605 |       0 |   0.0 |      15 |       0 |   0.0
      Orc:2 |    1955 |    4409 |  69.3 |      42 |      42 |  50.0
      Elf:1 |   30973 |    7437 |  19.4 |      49 |      11 |  18.3
      Elf:2 |   19961 |    3616 |  15.3 |      28 |       4 |  12.5
      Elf:3 |   10802 |   49855 |  82.2 |      16 |      38 |  70.4
   Vaults:1 |   30673 |    8386 |  21.5 |      59 |      11 |  15.7
   Vaults:2 |   20347 |   10406 |  33.8 |      34 |      12 |  26.1
   Vaults:3 |   35040 |   13434 |  27.7 |      52 |      19 |  26.8
   Vaults:4 |   54315 |   24110 |  30.7 |     105 |      29 |  21.6
   Vaults:5 |   33490 |  120791 |  78.3 |      37 |      86 |  69.9
    Crypt:1 |   21215 |       0 |   0.0 |      35 |       0 |   0.0
    Crypt:2 |   13005 |   11870 |  47.7 |      24 |      14 |  36.8
    Crypt:3 |   44226 |   47209 |  51.6 |      49 |      63 |  56.2
   Depths:1 |   32749 |    5758 |  15.0 |      52 |       9 |  14.8
   Depths:2 |   31053 |   46012 |  59.7 |      44 |      33 |  42.9
   Depths:3 |   30074 |   30733 |  50.5 |      41 |      25 |  37.9
   Depths:4 |   45977 |   39458 |  46.2 |      52 |      11 |  17.5
   Depths:5 |   27040 |   18817 |  41.0 |      31 |      12 |  27.9
      Zot:1 |   43809 |   50585 |  53.6 |      26 |      28 |  51.9
      Zot:2 |   62118 |       0 |   0.0 |      40 |       0 |   0.0
      Zot:3 |   62494 |       0 |   0.0 |      39 |       0 |   0.0
      Zot:4 |   47085 |       0 |   0.0 |      34 |       0 |   0.0
    Abyss:1 |   21060 |       0 |   0.0 |      19 |       0 |   0.0
    Abyss:2 |   10046 |       0 |   0.0 |      27 |       0 |   0.0
    Abyss:3 |   13102 |   27222 |  67.5 |      20 |      67 |  77.0
    Abyss:4 |    3138 |       0 |   0.0 |       6 |       0 |   0.0
        Pan |  290483 |  159880 |  35.5 |     337 |     122 |  26.6
    Ossuary |       0 |     104 | 100.0 |       0 |      16 | 100.0
            +---------+---------+-------+---------+---------+-------
